 Dungeon Crawl Stone Soup version 0.13-b1-32-g21a608e (webtiles) character file.

1721 Goboxel the Archer (level 8, -2/53 HPs)
             Began as a High Elf Hunter on Oct 5, 2013.
             Was a Follower of Okawaru.
             Slain by an orc warrior
             ... wielding a +0,+0 orcish mace
              (19 damage)
             ... on Level 6 of the Dungeon.
             The game lasted 00:22:47 (6116 turns).

Goboxel the Archer (High Elf Hunter)                Turns: 6116, Time: 00:22:47

HP  -2/53        AC  5     Str 16      XL: 8   Next: 48%
MP  12/12        EV 18     Int 15      God: Okawaru [*.....]
Gold 261         SH  0     Dex 18      Spells:  0 memorised,  7 levels left

Res.Fire  : . . .   See Invis. : .   a - +1 short sword (venom)
Res.Cold  : . . .   Warding    : .   d - +1 elf leather armour
Life Prot.: . . .   Conserve   : .   (no shield)
Res.Poison: .       Res.Corr.  : .   (no helmet)
Res.Elec. : .       Clarity    : .   (no cloak)
Sust.Abil.: . .     Spirit.Shd : .   m - +0 pair of gauntlets
Res.Mut.  : .       Stasis     : .   (no boots)
Res.Rott. : .       Flight     : .   (no amulet)
Saprovore : . . .                    (no ring)
                                     e - +3 ring of evasion

@: about to teleport, mighty, somewhat resistant to hostile enchantments, fairly
stealthy
A: no striking features
a: Heroism, Renounce Religion


You were on level 6 of the Dungeon.
You worshipped Okawaru.
Okawaru was aware of your devotion.
You were hungry.

You visited 2 branches of the dungeon, and saw 7 of its levels.

You collected 241 gold pieces.

Inventory:

Hand weapons
 a - a +1,+1 short sword of venom (weapon)
 b - a +2,+1 elven bow
Missiles
 c - 38 arrows
Armour
 d - a +1 elven leather armour (worn)
 m - a +0 pair of gauntlets (worn)
Magical devices
 y - a wand of magic darts (16)
Comestibles
 f - 5 bread rations
 h - a pear
 o - a lemon
 t - a lychee
 v - a choko
 w - 2 rotting chunks of worker ant flesh
 x - a slice of pizza
Scrolls
 i - a scroll of recharging
 q - a scroll of identify
 z - a scroll of blinking {unknown}
 A - 3 scrolls of enchant weapon II
Jewellery
 e - a +3 ring of evasion (left hand)
Potions
 j - 2 potions of restore abilities
 l - a potion of might
 n - 2 potions of slowing {unknown}
 r - a potion of mutation {unknown}
 C - a potion of paralysis {unknown}
Magical staves
 p - an uncursed staff of wizardry


   Skills:
 + Level 4.0 Fighting
 * Level 6.6 Short Blades
 * Level 9.9 Bows
 - Level 0.6 Armour
 + Level 5.2 Dodging
 - Level 1.1 Stealth


You had 7 spell levels left.
You didn't know any spells.

Dungeon Overview and Level Annotations

Branches:
Dungeon (6/27)             Temple (1/1) D:5
    Orc: D:6-11

Altars:
Ashenzari
Cheibriados
Elyvilon
Fedhas
Kikubaaqudgha
Makhleb
Nemelex Xobeh
Okawaru
Sif Muna
Trog
Vehumet
Xom
Yredelemnul
Zin
the Shining One


Message History

The orc warrior hits you with an orcish mace!
The iguana barely misses you.
Unknown command.
It begins to drip with poison!
a - a +1,+1 short sword of venom (weapon)
The orc warrior misses you.
You barely miss the orc warrior.
The orc warrior is moderately wounded.
The iguana misses you.
Read which item? (? for menu, Esc to quit)
As you read the scroll labeled CUIJOA PLAOTI, it crumbles to dust.
You feel forgetful for a moment.
It was a scroll of amnesia.
The iguana misses you. The orc warrior completely misses you.
Read which item? (? for menu, Esc to quit)
As you read the scroll labeled SHUTHUYNAF, it crumbles to dust.
You feel strangely unstable.
It was a scroll of teleportation.
You hear the slow rusting of a drain, a long way away.
The iguana bites you but does no damage.
The orc warrior hits you with an orcish mace!
You die...

### #l##
#.#@## # ##.
##o##.# #.##
##(..#
#..###.(###
#.#.#.#(#
#.. ... .
#.##)##.#
#......... .
#.#####.#
#........# #
#.# #.#
#).......# #
#.#####.#
#........###


You could see an orc warrior and an iguana.

Vanquished Creatures
  5 phantoms
  2 ogres
  The ghost of Yermak the Sneak, an average SpEn of Okawaru (D:6)
  A centaur (D:5)
  4 crimson imps (D:5)
  A scorpion (D:6)
  4 orc priests
  An orc wizard (D:6)
  An iguana (D:5)
  4 worker ants
  6 adders
  4 gnolls (D:3)
  A worm zombie (D:6)
  A giant mite (D:6)
  3 worms
  The ghost of Yermak the Sneak, a weakling SpEn (D:4)
  4 giant geckos
  An ooze (D:2)
  13 orcs
  13 bats
  15 goblins
  9 hobgoblins
  3 jackals (D:4)
  2 ball pythons
  A ball python skeleton (D:3)
  4 giant cockroaches
  2 giant gecko zombies (D:5)
  2 giant newts
  A giant newt zombie (D:5)
  A hobgoblin skeleton (D:5)
  14 kobolds
  A kobold skeleton (D:4)
  An orc skeleton (D:5)
  6 quokkas
  A quokka skeleton (D:5)
  A quokka zombie (D:5)
  15 rats
  A plant (D:2)
151 creatures vanquished.

Vanquished Creatures (others)
  A goblin (D:5)
  A bat (D:5)
2 creatures vanquished.

Grand Total: 153 creatures vanquished

Notes
Turn   | Place    | Note
--------------------------------------------------------------
     0 | D:1      | Goboxel, the High Elf Hunter, began the quest for the Orb.
     0 | D:1      | Reached XP level 1. HP: 14/14 MP: 1/1
   455 | D:1      | Reached XP level 2. HP: 17/19 MP: 2/2
  1031 | D:1      | Reached XP level 3. HP: 11/24 MP: 4/4
  1259 | D:2      | Reached skill level 6 in Bows
  2281 | D:3      | Reached XP level 4. HP: 29/29 MP: 6/6
  2288 | D:3      | Reached skill level 7 in Bows
  2584 | D:3      | Reached skill level 8 in Bows
  2584 | D:3      | Reached XP level 5. HP: 34/34 MP: 7/7
  3164 | D:4      | Noticed a phantom
  3214 | D:4      | Killed a phantom
  3214 | D:4      | Reached XP level 6. HP: 32/40 MP: 9/9
  3300 | D:4      | Noticed a phantom
  3313 | D:4      | Killed a phantom
  3415 | D:4      | Noticed Yermak's ghost (weakling SpEn)
  3422 | D:4      | Killed Yermak's ghost
  4041 | D:4      | Noticed an ogre
  4055 | D:4      | Killed an ogre
  4055 | D:4      | Reached XP level 7. HP: 45/45 MP: 11/11
  4121 | D:5      | Entered Level 5 of the Dungeon
  4399 | D:5      | Found a staircase to the Ecumenical Temple.
  4427 | D:5      | Reached skill level 9 in Bows
  4586 | Temple   | Entered the Ecumenical Temple
  4623 | Temple   | Became a worshipper of Warmaster Okawaru
  4825 | D:5      | Reached skill level 5 in Short Blades
  4873 | D:5      | Found a shimmering altar of Xom.
  5114 | D:5      | Reached XP level 8. HP: 48/52 MP: 12/12
  5658 | D:6      | Acquired Okawaru's first power
  5716 | D:6      | Reached skill level 5 in Dodging
  5976 | D:6      | Noticed Yermak's ghost (average SpEn)
  5983 | D:6      | Killed Yermak's ghost
  6116 | D:6      | Slain by an orc warrior

Action                   |  1- 3 |  4- 6 |  7- 9 || total
-------------------------+-------+-------+-------++-------
Melee: Short sword       |   282 |    90 |   143 ||   515
 Fire: Bow               |    26 |    71 |   116 ||   213
Evoke: Wand              |       |       |     1 ||     1
  Use: Scroll            |       |     2 |    11 ||    13
       Potion            |       |       |     4 ||     4
 Stab: Sleeping          |     1 |       |       ||     1
